 Dungeon Crawl Stone Soup version 0.31-a0-1539-g569d6c7dce (webtiles) character file.

Game seed: 18105089145330896307

1078 Flugslaktarn the Fighter (level 8, 0/111 HPs)
             Began as a Minotaur Fighter on Jan 1, 2024.
             Succumbed to a hornet's poison
             ... on level 4 of the Dungeon.
             The game lasted 00:02:53 (4846 turns).

Flugslaktarn the Fighter (Minotaur Fighter)         Turns: 4846, Time: 00:02:53

Health: 0/111      AC: 24    Str: 23    XL:     8   Next: 8%
Magic:  3/7        EV:  2    Int:  5    God:
Gold:   358        SH:  4    Dex: 10    Spells: 7/7 levels left

rFire   . . .        a - +0 war axe
rCold   + . .        o - +0 buckler
rNeg    . . .        b - melded +0 scale mail
rPois   +            (helmet currently unavailable)
rElec   .            (cloak currently unavailable)
rCorr   .            j - melded +0 pair of gloves
SInv    .            (boots currently unavailable)
Will    .....        i - amulet of guardian spirit
Stlth   +            c - ring of protection from cold
HPRegen 0.38/turn    (no ring)
MPRegen 0.10/turn

%: guardian spirit
@: lethally poisoned (0 -> -14), tree-form, slowed, very slow
A: stationary, stasis, torment immunity, boosted hp, (horns 2), (retaliatory
headbutt)
a: no special abilities


You were on level 4 of the Dungeon.
You were a tree.
You visited 1 branch of the dungeon, and saw 4 of its levels.

You collected 358 gold pieces.

Inventory:

Hand Weapons
 a - a +0 war axe (weapon)
Missiles
 g - 2 throwing nets
Armour
 b - a +0 scale mail (melded)
 j - a +0 pair of gloves (melded)
   (You found it on level 2 of the Dungeon)
 o - a +0 buckler (worn)
Jewellery
 c - a ring of protection from cold (left branch)
   (You found it on level 3 of the Dungeon)
 i - an amulet of guardian spirit (around neck)
   (You found it on level 1 of the Dungeon)
Wands
 n - a wand of mindburst (1)
   (You found it on level 3 of the Dungeon)
Scrolls
 e - a scroll of fog
 l - a scroll of fear {unknown}
 r - a scroll of identify
 s - a scroll of enchant armour
Potions
 d - a potion of might
 f - a potion of lignification
 h - a potion of degeneration {unknown}
 k - 2 potions of enlightenment
 m - a potion of heal wounds {unknown}


   Skills:
 * Level 8.1 Fighting
 * Level 7.5 Axes
 + Level 6.2 Armour
 - Level 3.6 Shields


You had 7 spell levels left.
You didn't know any spells.
Your spell library was empty.

Dungeon Overview and Level Annotations

Branches:
Dungeon (4/15)
 Temple: D:4-7

Altars:
Gozag
Ru
Sif Muna
Trog
Xom
Yredelemnul
Zin
The Shining One

Annotations:
D:4 Sigmund


Innate Abilities, Weirdness & Mutations

You are a tree.
Your roots penetrate the ground, keeping you stationary.
You cannot be teleported.
You are immune to unholy pain and torment.
Your maximum health is greatly increased.
Your equipment is partially melded.
((You have a pair of horns on your head.))
((You reflexively headbutt those who attack you in melee.))


Message History

The gnoll hits you but does no damage.
You hit the gnoll.
You kill the gnoll!
No target in view!
No target in view!
No target in view!
No target in view!
g - 2 throwing nets (gained 1)
Things that are here:
a +0 whip; a gnoll corpse HP restored.
The gnoll shouts!
A gnoll is nearby!
A gnoll is nearby!
You block the gnoll's attack.
Things that are here:
a +0 spear; a gnoll skeleton The gnoll hits you with a +0 spear.
You hit the gnoll. You headbutt the gnoll!
You kill the gnoll!
No target in view!
No target in view!
No target in view!
No target in view!
An orc comes into view. It is wielding a +0 short sword.
An orc is nearby!
An orc is nearby!
The orc shouts!
The gnoll shouts!
You closely miss the orc. The orc hits you but does no damage.
You slash the orc!
You kill the orc!
You block the gnoll's attack.
You hit the gnoll.
The gnoll is heavily wounded.
The gnoll hits you but does no damage.
You hit the gnoll.
The gnoll is almost dead.
The gnoll barely misses you.
You slash the gnoll!
You kill the gnoll!
There is a huge open gate here.
There is an open door here.
A hornet comes into view.
The hornet buzzes angrily.
A hornet is nearby!
There is an open door here.
A hornet is nearby!
You slash the hornet! Your headbutt misses the hornet.
The hornet is moderately wounded.
The hornet stings you.
You feel yourself slow down. You block the hornet's attack.
You slash the hornet! You headbutt the hornet.
The hornet is severely wounded.
The hornet completely misses you.
The hornet stings you but does no damage.
You miss the hornet. Your headbutt misses the hornet.
The hornet is severely wounded.
You feel yourself speed up. The hornet barely misses you.
You block the hornet's attack. The hornet stings you!
You feel yourself slow down.
You barely miss the hornet.
The hornet is severely wounded.
The hornet stings you!
You are poisoned.
You feel as though you will be slow longer.
The hornet stings you but does no damage.
You miss the hornet.
The hornet is severely wounded.
You feel very sick. The hornet closely misses you. The hornet stings you.
You feel as though you will be slow longer.
You closely miss the hornet.
The hornet is severely wounded.
You feel sick. The hornet stings you.
You suddenly lose the ability to move!
The hornet stings you.
You feel as though you will be slow longer.
The hornet stings you!
You feel as though you will be slow longer.
You feel sick. The hornet stings you!
You shrug off the repeated paralysis!
The hornet stings you!
* * * LOW HITPOINT WARNING * * *
You are more poisoned.
You feel as though you will be slow longer.
You feel very sick. The hornet stings you!
* * * LOW HITPOINT WARNING * * *
You are more poisoned.
You feel as though you will be slow longer.
You can move again.
You turn into a tree.
Your +0 pair of gloves melds into your body.
Your +0 scale mail melds into your body.
Your roots penetrate the ground.
* * * LOW HITPOINT WARNING * * *
You feel extremely sick.
The hornet stings you but does no damage. x2
You slash the hornet!
The hornet is almost dead.
You die...

....~~###+# '.o' ....~≈≈.#
######''####### .P..~≈~.#
............... ....~≈~.#
............... ....~~~.#.
..............@ ....~≈~.# '.
........)...... ....~≈~.# ##'###
##''## ....≈≈~.#
#..#..#######....###### ....~≈~.#
#..'.y♣.....'....'.[.og ...P~≈###
#..#..#######....###### ....~≈#..
#############''''######
....~≈#gg.#..........).).).......
....~≈#####~~~~~~~≈~~~~....~~~~≈~
....~≈≈≈≈≈≈~≈≈≈≈≈≈≈≈≈≈~)...~≈≈≈≈≈
....~≈~~~~~~~~~≈≈~~~~~)...)~~)~~~
...............)...)....)....[...
.####.###..[..#)..#.#####.####)#.


You could see a hornet.

Vanquished Creatures
  Grinder (D:3)
  A gnoll sergeant (D:4)
  3 howler monkeys (D:4)
  A hound (D:3)
  A jelly (D:4)
  2 orc priests
  Terence (D:2)
  An iguana (D:4)
  Ijyb (D:3)
  Natasha (twice) (D:2)
  2 orc wizards
  23 gnolls (D:4)
  5 adders
  A dart slug (D:4)
  A ribbon worm (D:4)
  25 orcs
  8 bats
  5 endoplasms
  5 giant cockroaches
  8 hobgoblins
  11 jackals (D:4)
  6 quokkas
  6 ball pythons
  2 frilled lizards (D:3)
  7 goblins
  3 kobolds
  6 rats
138 creatures vanquished.

Notes
Turn   | Place    | Note
-------+----------+-------------------------------------------
     0 | D:1      | Flugslaktarn the Minotaur Fighter began the quest for the
                  | Orb.
     0 | D:1      | Reached XP level 1. HP: 19/19 MP: 0/0
   427 | D:1      | Reached XP level 2. HP: 27/27 MP: 1/1
   545 | D:1      | Reached skill level 4 in Fighting
   934 | D:2      | Reached XP level 3. HP: 29/33 MP: 2/2
   991 | D:2      | Found a bloodstained altar of Trog.
  1032 | D:2      | Noticed Natasha
  1039 | D:2      | Killed Natasha
  1346 | D:2      | Reached XP level 4. HP: 35/41 MP: 3/3
  1448 | D:2      | Noticed Terence
  1454 | D:2      | Killed Terence
  1455 | D:2      | Reached skill level 5 in Fighting
  1696 | D:2      | Noticed Natasha
  1705 | D:2      | Killed Natasha
  1917 | D:3      | Reached XP level 5. HP: 39/48 MP: 4/4
  2156 | D:3      | Noticed Grinder
  2170 | D:3      | Killed Grinder
  2171 | D:3      | Reached skill level 6 in Fighting
  2171 | D:3      | Reached skill level 5 in Axes
  2171 | D:3      | Reached skill level 5 in Armour
  2171 | D:3      | Reached XP level 6. HP: 52/57 MP: 5/5
  2244 | D:3      | Noticed Ijyb
  2256 | D:3      | Killed Ijyb
  2940 | D:4      | Reached XP level 7. HP: 64/64 MP: 6/6
  2971 | D:4      | Reached skill level 7 in Fighting
  3025 | D:4      | Noticed Sigmund
  4346 | D:4      | Found a shimmering blue altar of Sif Muna.
  4346 | D:4      | Found an opulent altar of Gozag.
  4375 | D:4      | Found a glowing silver altar of Zin.
  4403 | D:4      | Found a basalt altar of Yredelemnul.
  4406 | D:4      | Found a glowing golden altar of the Shining One.
  4406 | D:4      | Found a bloodstained altar of Trog.
  4408 | D:4      | Found a sacrificial altar of Ru.
  4408 | D:4      | Found a shimmering altar of Xom.
  4408 | D:4      | Found a basalt altar of Yredelemnul.
  4545 | D:4      | Reached XP level 8. HP: 27/74 MP: 3/7
  4553 | D:4      | Reached skill level 8 in Fighting
  4834 | D:4      | Noticed a hornet
  4842 | D:4      | Paralysed by a hornet for 3 turns
  4845 | D:4      | HP: 5/111 [poisoned by a hornet]
  4846 | D:4      | Succumbed to a hornet's poison

Illustrated notes

Levels and vault maps discovered:
D:1:      evilmike_arrival_home_sweet_home, layout_loops_cross, serial_rivers,
          chequers_serial_rivers_small_b, chequers_serial_rivers_micro_d,
          chequers_serial_rivers_small_3, chequers_serial_rivers_small_b,
          chequers_serial_rivers_room_a, chequers_serial_rivers_marsh
D:2:      layout_basic, basic_altar, chequers_garden, minmay_misc_feat_hallway,
          uniq_terence, uniq_natasha
D:3:      layout_basic, uniq_ijyb, uniq_grinder
D:4:      lemuel_castle_with_subvaults [lemuel_castle_interior_original],
          layout_loops_ring, doesnt_xom_only_xom, kennysheep_little_box,
          gammafunk_temple_overflow_elements, minmay_curled_crystal,
          uniq_sigmund

Skill      XL: |  1  2  3  4  5  6  7  8 |
---------------+-------------------------+-----
Fighting       | 4 5 6 7 8 |  8.1
Axes           | 3 4 5 6 7 |  7.5
Armour         | 4 5 6 |  6.2
Shields        | |  3.6

Action                     |  1- 3 |  4- 6 |  7- 9 || total
---------------------------+-------+-------+-------++-------
  Melee: War axe           |    67 |   125 |   160 ||   352
         Headbutt          |     7 |    23 |    19 ||    49
  Evoke: Wand              |       |       |     5 ||     5
    Use: Scroll            |       |       |     6 ||     6
         Potion            |       |       |     4 ||     4
 Armour: Scale mail        |    56 |    86 |   155 ||   297
         Skin              |       |       |    15 ||    15
  Dodge: Dodged            |    32 |    56 |    80 ||   168
  Block: Buckler           |    12 |    21 |    42 ||    75

Table legend: (Time is in decaauts)
 A = Elapsed time spent in this place.
 B = Non-inter-level travel time spent in this place.
 C = Inter-level travel time spent in this place.
 D = Time resting spent in this place.
 E = Time spent auto-exploring this place.
 F = Levels seen in this place.
 G = Mean time per level.
                   A        B        C        D        E       F      G
               +--------+--------+--------+--------+--------+-----+--------+
         Total |   4974 |   4837 |    137 |    872 |   3048 |   4 | 1243.5 |
       Dungeon |   4974 |   4837 |    137 |    872 |   3048 |   4 | 1243.5 |
               +--------+--------+--------+--------+--------+-----+--------+

Top non-repeatable levels by time:
     D:4: 1707 daAuts
     D:3: 1385 daAuts
     D:2: 973 daAuts
     D:1: 909 daAuts
